 Dungeon Crawl Stone Soup version 0.19.0-20-gbc5f0c6 (webtiles) character file.

277 Musica the Shield-Bearer (level 6, 0/49 HPs)
             Began as a Formicid Fighter on Nov 16, 2016.
             Was a Follower of Nemelex Xobeh.
             Slain by an iguana (8 damage)
             ... on level 4 of the Dungeon.
             The game lasted 00:08:18 (2023 turns).

Musica the Shield-Bearer (Formicid Fighter)         Turns: 2023, Time: 00:08:19

Health: 0/49       AC:  9    Str: 21    XL:     6   Next: 50%
Magic:  7/7        EV:  8    Int:  7    God:    Nemelex Xobeh [*.....]
Gold:   154        SH: 10    Dex: 12    Spells: 0 memorised, 5 levels left

rFire  . . .     SeeInvis +     a - +1 trident
rCold  . . .     Gourm    .     b - +0 scale mail
rNeg   . . .     Faith    .     c - +0 shield
rPois  .         Spirit   .     (helmet unavailable)
rElec  .         Reflect  .     u - +0 cloak
rCorr  .         Harm     .     (no gloves)
MR     .....                    v - +0 pair of boots
Stlth  ..........               (no amulet)
                                (no ring)
                                (no ring)

@: no status effects
A: permanent stasis, dig shafts and tunnels, four strong arms, antennae 3
a: Dig, Shaft Self, Renounce Religion


You were on level 4 of the Dungeon.
You worshipped Nemelex Xobeh.
Nemelex Xobeh was aware of your devotion.
You were not hungry.

You visited 1 branch of the dungeon, and saw 4 of its levels.

You collected 154 gold pieces.

Inventory:

Hand Weapons
 a - a +1 trident (weapon)
 p - a +2 mace of draining
Missiles
 e - 14 arrows
 l - 60 sling bullets
 m - 22 bolts
 r - 3 tomahawks (quivered)
 s - a throwing net
Armour
 b - a +0 scale mail (worn)
 c - a +0 shield (worn)
 u - a +0 cloak (worn)
 v - a +0 pair of boots (worn)
Scrolls
 i - a scroll of enchant weapon
 n - 3 scrolls of identify
Potions
 d - a potion of might
 g - a potion of mutation {unknown}
 h - 2 potions of curing {unknown}
 j - 2 potions of heal wounds {unknown}
 q - 3 potions of lignification {unknown}
Miscellaneous
 k - a plain deck of escape {drawn: 2}
Comestibles
 f - 6 bread rations
 o - 2 meat rations
 t - a beef jerky
 w - 2 chunks of flesh


   Skills:
 + Level 4.4 Fighting
 + Level 4.2 Polearms
 - Level 3.2 Armour
 + Level 5.1 Shields
 * Level 2.4 Invocations


You had 5 spell levels left.
You didn't know any spells.

Dungeon Overview and Level Annotations

Branches:
Dungeon (4/15)
 Temple: D:4-7

Altars:
Ashenzari
Gozag
Nemelex Xobeh
Ru
Uskayaw


Innate Abilities, Weirdness & Mutations

You are under a permanent stasis effect.
You can dig through walls and to a lower floor.
Your four strong arms can wield two-handed weapons with a shield.
You have a pair of large antennae on your head. (SInv)


Message History

The iguana is almost dead.
The iguana barely misses you. You block the iguana's attack.
Your shield and scale mail prevent you from hitting the iguana.
The iguana is almost dead.
The iguana barely misses you.
You hit the iguana but do no damage.
The iguana is almost dead.
The iguana bites you.
* * * LOW HITPOINT WARNING * * *
You barely miss the iguana.
The iguana is almost dead.
The iguana bites you but does no damage.
You hit the iguana but do no damage.
The iguana is almost dead.
You block the iguana's attack.
You barely miss the iguana.
The iguana is almost dead.
The iguana bites you!
You die...
Your body disappears without a glow.

##....# ##..##.##
#######..##...##
#...)...##.....##
#.>.....#.......#
#..........._....
#<..<...#.......#
##.#####.......##.....##
......l@.......###...##.
##.#####.......# ##.##..
#.####### ...##.# #.#
#..###.# #.# #.####.#
#.# #..... #.# #......#
.# ###.##.# #. #..


You could see an iguana.

Vanquished Creatures
  A howler monkey (D:4)
  A hound (D:4)
  A centaur skeleton (D:4)
  A hound zombie (D:3)
  4 gnolls (D:4)
  A howler monkey skeleton (D:4)
  3 adders
  4 worms (D:2)
  2 dart slugs
  3 leopard geckos
  An orc (D:3)
  8 bats
  2 giant cockroaches (D:1)
  10 goblins
  9 hobgoblins
  3 jackals (D:4)
  5 quokkas (D:2)
  9 frilled lizards
  4 kobolds
  4 rats
76 creatures vanquished.

Notes
Turn   | Place    | Note
-------+----------+-------------------------------------------
     0 | D:1      | Musica the Formicid Fighter began the quest for the Orb.
     0 | D:1      | Reached XP level 1. HP: 18/18 MP: 1/1
   115 | D:1      | Reached XP level 2. HP: 24/24 MP: 2/2
   251 | D:1      | Reached skill level 4 in Shields
   291 | D:1      | Reached XP level 3. HP: 30/30 MP: 3/3
   739 | D:2      | Reached XP level 4. HP: 35/37 MP: 4/4
   829 | D:2      | Found a sparkling altar of Nemelex Xobeh.
   845 | D:2      | Found a hide-covered altar of Uskayaw.
   861 | D:2      | Became a worshipper of Nemelex Xobeh the Trickster
   934 | D:2      | Received a gift from Nemelex Xobeh
  1336 | D:3      | Reached XP level 5. HP: 25/42 MP: 5/5
  1363 | D:3      | Found an opulent altar of Gozag.
  1392 | D:3      | Reached skill level 1 in Invocations
  1407 | D:3      | Found a shattered altar of Ashenzari.
  1852 | D:4      | Reached skill level 5 in Shields
  1852 | D:4      | Reached XP level 6. HP: 49/49 MP: 7/7
  1957 | D:4      | Found a sacrificial altar of Ru.
  1987 | D:4      | Reached * piety under Nemelex Xobeh
  2023 | D:4      | Slain by an iguana

Skill      XL: |  1  2  3  4  5 |
---------------+----------------+-----
Shields        | 4 5 |  5.1
Polearms       | 3 4 |  4.2
Fighting       | 4 |  4.4
Invocations    | 2 |  2.4
Armour         | |  3.2

Action                   |  1- 3 |  4- 6 || total
-------------------------+-------+-------++-------
Melee: Trident           |   128 |   182 ||   310
Evoke: Deck              |       |     2 ||     2
  Use: Scroll            |     6 |     3 ||     9
 Stab: Confused          |       |     1 ||     1
  Eat: Chunk             |       |     4 ||     4
Armor: Scale mail        |    54 |    52 ||   106
Dodge: Dodged            |    30 |    48 ||    78
Block: Shield            |    62 |    75 ||   137
